 Dungeon Crawl Stone Soup version 0.31-a0-986-g5e6e4ef867 (webtiles) character file.

Game seed: 17909965125710903758

11933 wildpjah the Slicer (level 11, -4/68 HPs)
             Began as a Tengu Enchanter on Nov 20, 2023.
             Was a High Priest of Okawaru.
             Slain by a hornet (5 damage)
             ... while petrified by a basilisk
             ... on level 1 of the Lair of Beasts.
             The game lasted 00:32:11 (11877 turns).

wildpjah the Slicer (Tengu Enchanter)              Turns: 11877, Time: 00:32:12

Health: -4/68      AC:  6    Str: 14    XL:     11   Next: 85%
Magic:  0/23       EV:  2    Int: 23    God:    Okawaru [*****.]
Gold:   470        SH:  0    Dex: 18    Spells: 21/25 levels left

rFire   . . .        U - +3 short sword (venom)
rCold   . . .        R - +0 kite shield
rNeg    + + +        I - +0 steam dragon scales
rPois   ∞            (helmet restricted)
rElec   .            O - +0 cloak
rCorr   .            (no gloves)
SInv    .            (boots unavailable)
Will    .....        K - amulet of guardian spirit
Stlth   ++++         G - +6 ring of intelligence
HPRegen 0.31/turn    r - +6 ring of strength
MPRegen 0.18/turn

%: acrobat, guardian spirit
@: petrified, flying
A: beak, talons 3, evasive flight, acrobatic
a: Renounce Religion, Heroism, Finesse, Duel


You were on level 1 of the Lair of Beasts.
You worshipped Okawaru.
Okawaru was extremely pleased with you.
You visited 3 branches of the dungeon, and saw 12 of its levels.

You collected 525 gold pieces.
You spent 55 gold pieces at shops.

Inventory:

Hand Weapons
 a - a +1 dagger
 h - a +1 short sword of speed
 s - a +0 rapier of venom
 E - a +2 dagger of chaos
 F - a +2 short sword of venom
 H - a +0 long sword of draining
 L - a +1 scimitar
 U - a +3 short sword of venom (weapon)
Missiles
 g - a throwing net
 n - 5 atropa-tipped darts
 T - 2 silver javelins
 V - 3 curare-tipped darts
Armour
 b - a +0 robe
 f - an orb of energy
 l - a scarf of harm
 m - a +1 leather armour
 I - +0 steam dragon scales (worn)
 M - a +0 tower shield
 O - a +0 cloak (worn)
 R - a +0 kite shield (worn)
Jewellery
 d - a ring of magical power
 k - a ring of ice
 r - a +6 ring of strength (right hand)
 z - a ring of resist corrosion
 G - a +6 ring of intelligence (left hand)
 K - an amulet of guardian spirit (around neck)
 P - a ring of poison resistance
 Q - an amulet of reflection
Wands
 t - a wand of flame (35)
 v - a wand of paralysis (22)
 x - a wand of iceblast (14)
 D - a wand of polymorph (5)
Scrolls
 c - a scroll of silence {unknown}
 e - 3 scrolls of amnesia
 u - a scroll of fear
 w - 7 scrolls of teleportation
 y - 2 scrolls of fog
 A - a scroll of blinking
 J - 5 scrolls of identify
Potions
 i - 2 potions of berserk rage
 j - a potion of heal wounds {unknown}
 o - 2 potions of attraction {unknown}
 p - a potion of might
 q - 2 potions of degeneration
 B - a potion of ambrosia {unknown}
 C - a potion of mutation {unknown}
 N - a potion of curing {unknown}
 S - a potion of enlightenment {unknown}


   Skills:
 * Level 7.7 Fighting
 + Level 8.9(9.3) Short Blades
 + Level 3.8(6.8) Long Blades
 + Level 0.8 Throwing
 + Level 2.7 Armour
 * Level 8.2 Dodging
 + Level 7.7 Stealth
 + Level 1.2 Shields
 + Level 0.5 Unarmed Combat
 * Level 7.7 Spellcasting
 + Level 3.7 Hexes
 + Level 3.5 Ice Magic
 + Level 0.2 Air Magic
 + Level 0.7 Evocations


You had 21 spell levels left.
You knew the following spells:

 Your Spells              Type           Power      Damage    Failure   Level
a - Ensorcelled Hibernat  Hex/Ice        50%        N/A       9%          2
b - Cigotuvi's Dreadful   Necr/Pois/Air  18%        N/A       36%         2

Your spell library contained the following spells:

 Spells                   Type           Power      Damage    Failure   Level
 Confusing Touch          Hex            26%        N/A       17%         3
 Apportation              Tloc           16%        N/A       26%         1
 Necrotise                Necr           36%        1d5       26%         1
 Passwall                 Tmut/Erth      6%         N/A       36%         2
 Dazzling Flash           Conj/Hex       34%        N/A       36%         3
 Cause Fear               Hex            13%        N/A       50%         4
 Swiftness                Air            10%        N/A       56%         3
 Ignite Poison            Fire/Tmut/Pois 8%         N/A       61%         3
 Freezing Cloud           Conj/Ice/Air   7%         6-21      99%         5
 Fireball                 Conj/Fire      4%         3d4       100%        5
 Iskenderun's Battlesphe  Conj           8%         2d6       100%        5
 Bombard                  Conj/Erth      4%         9d2       100%        6
 Tukima's Dance           Hex            Unusable   N/A       N/A         3
 Summon Small Mammal      Summ           Unusable   N/A       N/A         1
 Spellforged Servitor     Conj/Summ      Unusable   N/A       N/A         7
 Dragon's Call            Summ           Unusable   N/A       N/A         9

Dungeon Overview and Level Annotations

Branches:
Dungeon (10/15)            Temple (1/1) D:4            Lair (1/5) D:8
    Orc (0/2) D:10

Altars:
Ashenzari
Cheibriados
Dithmenos
Elyvilon
Fedhas
Gozag
Hepliaklqana
Kikubaaqudgha
Makhleb
Nemelex Xobeh
Okawaru
Qazlal
Ru
Sif Muna
Trog
Uskayaw
Vehumet
Wu Jian
Xom
Yredelemnul
Zin
The Shining One

Shops:
D:5 !   D:6 ?   D:7 [=?(   D:8 =


Innate Abilities, Weirdness & Mutations

You have a beak for a mouth.
You have claws for feet.
Your magical flight helps you evade attacks. (EV +4)
You can magically evade attacks while moving or waiting.


Message History

Press: ? - help, Q - select action, (/) - cycle Shift-Dir - straight line, f/p - basilisk
Aim: a basilisk (not susceptible)
The basilisk is unaffected.
The basilisk barely misses you.
Your limbs are stiffening.
Aiming: Ensorcelled Hibernation (safe; 9% risk of failure)
Press: ? - help, Q - select action, (/) - cycle Shift-Dir - straight line, f/p - basilisk
Aim: a basilisk (not susceptible)
Okay, then.
You hit the basilisk.
The basilisk is poisoned.
You claw the basilisk.
The basilisk is moderately wounded.
The basilisk gazes at you.
Your limbs have turned to stone.
You have turned to stone.
The hornet stings you! The basilisk bites you. The hornet stings you.
The basilisk bites you! The hornet stings you.
The hornet completely misses you.
The basilisk bites you but does no damage.
The hornet stings you. The basilisk bites you.
* * * LOW HITPOINT WARNING * * *
The hornet stings you.
* * * LOW HITPOINT WARNING * * *
The hornet barely misses you.
The basilisk bites you but does no damage.
The hornet completely misses you. The basilisk bites you!
* * * LOW HITPOINT WARNING * * *
The hornet stings you!
* * * LOW HITPOINT WARNING * * *
The hornet stings you!
* * * LOW HITPOINT WARNING * * *
The basilisk gazes at you. You resist with some effort. The hornet stings you!
* * * LOW HITPOINT WARNING * * *
A black mamba comes into view.
The basilisk gazes at you. You resist with some effort. The hornet stings you!
* * * LOW HITPOINT WARNING * * *
The black mamba hisses angrily.
The hornet stings you!
You die...

....... ........).
#........ #....
........... #
#....##......... .#
#......#.......###..##
#.............l.....#
#............@y...#
#............#P...##
##....#...............
##....†P...........$...
#......†.......$.......
#.#....................
#.#.....#....##.......S
#............#


.PPPPPP. ##...####.†..# .P≈~≈~P You could see a black mamba, a basilisk
(poisoned) and a hornet.

Vanquished Creatures
  A centaur warrior (D:10)
  A two-headed ogre (D:10)
  Nergalle (D:10)
  Urug (D:10)
  Sonja (Lair:1)
  An elephant (D:8)
  Joseph (D:8)
  A cane toad (Lair:1)
  Psyche (D:10)
  Maggie (D:7)
  A polar bear (Lair:1)
  Grinder (D:3)
  3 blink frogs (Lair:1)
  A shadow (D:10)
  Sigmund (D:3)
  4 wyverns
  2 basilisks (Lair:1)
  Grum (D:10)
  12 yaks
  A steam dragon (D:8)
  A water moccasin (D:8)
  4 orc warriors
  An ice beast (D:7)
  2 black bears (D:8)
  An ogre (D:7)
  A sky beast (D:7)
  3 centaurs
  3 wolves (D:10)
  2 kobold brigands
  A bullfrog (D:9)
  A scorpion (D:5)
  6 wights
  4 killer bees (D:8)
  2 howler monkeys
  4 crimson imps (D:6)
  A jelly (D:5)
  Crazy Yiuf (D:7)
  3 hounds
  8 orc priests
  3 sleepcaps
  Terence (D:3)
  3 iguanas
  10 orc wizards
  Robin (D:3)
  7 gnolls (D:4)
  5 adders
  3 shadow imps
  3 white imps
  4 dart slugs
  48 orcs
  9 bats
  4 endoplasms
  4 giant cockroaches
  10 goblins
  6 hobgoblins
  2 jackals (D:4)
  3 quokkas
  9 ball pythons
  2 frilled lizards
  16 kobolds
  4 rats (D:1)
243 creatures vanquished.

Notes
Turn   | Place    | Note
-------+----------+-------------------------------------------
     0 | D:1      | wildpjah the Tengu Enchanter began the quest for the Orb.
     0 | D:1      | Reached XP level 1. HP: 10/10 MP: 4/4
   131 | D:1      | Reached XP level 2. HP: 15/15 MP: 6/6
   152 | D:1      | Learned a level 2 spell: Ensorcelled Hibernation
   538 | D:1      | Reached XP level 3. HP: 20/20 MP: 7/7
  1179 | D:2      | Found a shimmering altar of Xom.
  1325 | D:2      | Found a faded altar of an unknown god.
  1913 | D:3      | Noticed Terence
  1923 | D:3      | Killed Terence
  1924 | D:3      | Reached skill level 1 in Fighting
  1924 | D:3      | Reached XP level 4. HP: 19/25 MP: 8/8
  2126 | D:3      | Noticed Grinder
  2145 | D:3      | Killed Grinder
  2146 | D:3      | Reached XP level 5. HP: 4/30 MP: 10/10
  2146 | D:3      | Reached XP level 6. HP: 5/35 MP: 11/11
  2379 | D:3      | Noticed Sigmund
  2426 | D:3      | Killed Sigmund
  2427 | D:3      | Gained mutation: Your magical flight helps you evade
                  | attacks. (EV +4) [Tengu growth]
  2427 | D:3      | Reached XP level 7. HP: 10/40 MP: 12/12
  2936 | D:3      | Noticed Robin
  2949 | D:3      | Killed Robin
  3319 | D:4      | Reached skill level 5 in Short Blades
  3340 | D:4      | Found a staircase to the Ecumenical Temple.
  3369 | Temple   | Entered the Ecumenical Temple
  3376 | Temple   | Became a worshipper of Warmaster Okawaru
  3994 | D:4      | HP: 2/40 [centaur (7)]
  3996 | D:4      | Reached XP level 8. HP: 2/45 MP: 14/14
  4164 | D:5      | Entered Level 5 of the Dungeon
  4217 | D:5      | Reached skill level 1 in Ice Magic
  4433 | D:5      | Found an ornate altar of the Wu Jian Council.
  4546 | D:5      | Found a shadowy altar of Dithmenos.
  4578 | D:5      | Reached skill level 1 in Armour
  4589 | D:5      | HP: 2/46 [orc/+0 club (4)]
  4914 | D:5      | Found Toalouc's Distillery.
  4919 | D:5      | Bought a potion of berserk rage for 55 gold pieces
  4973 | D:5      | Reached skill level 5 in Stealth
  5410 | D:6      | Identified the +6 quarterstaff "Qethres" {chaos, rC+}
  5456 | D:6      | Found Lyorph's Magic Scroll Shoppe.
  5459 | D:6      | Found a shimmering altar of Xom.
  5689 | D:6      | Reached * piety under Okawaru
  6399 | D:7      | Noticed Maggie
  6417 | D:7      | Killed Maggie
  6418 | D:7      | Reached skill level 5 in Dodging
  6418 | D:7      | Reached XP level 9. HP: 19/52 MP: 16/16
  6426 | D:7      | Reached ** piety under Okawaru
  6907 | D:7      | Found Jicvarot's Antique Armour Boutique.
  6999 | D:7      | Found Fophal's Jewellery Boutique.
  7011 | D:7      | Reached skill level 5 in Fighting
  7017 | D:7      | Found Omoroar's Magic Scroll Boutique.
  7102 | D:7      | Learned a level 2 spell: Cigotuvi's Dreadful Rot
  7125 | D:7      | Reached skill level 1 in Long Blades
  7371 | D:7      | Found a runed translucent door.
  7372 | D:7      | Noticed Crazy Yiuf
  7416 | D:7      | Found Xuxefret's Antique Weapon Shop.
  7488 | D:7      | Reached skill level 5 in Spellcasting
  7786 | D:7      | Killed Crazy Yiuf
  7823 | D:8      | Noticed an elephant
  7823 | D:8      | Found a staircase to the Lair.
  7896 | D:8      | Reached *** piety under Okawaru
  7927 | D:8      | Reached XP level 10. HP: 55/59 MP: 7/19
  8046 | D:8      | Killed an elephant
  8089 | D:8      | Found Ecwyngez's Jewellery Emporium.
  8177 | D:8      | Found a sacrificial altar of Ru.
  8309 | D:8      | Noticed Joseph
  8325 | D:8      | Killed Joseph
  8518 | D:8      | Found a hide-covered altar of Uskayaw.
  8520 | D:8      | Noticed a +0 hand axe
  8520 | D:8      | Noticed a +0 dagger
  8892 | D:9      | Reached **** piety under Okawaru
  9562 | D:9      | Reached ***** piety under Okawaru
  9723 | D:10     | Entered Level 10 of the Dungeon
 10004 | D:10     | Noticed a two-headed ogre
 10011 | D:10     | Killed a two-headed ogre
 10012 | D:10     | Reached XP level 11. HP: 66/66 MP: 20/22
 10114 | D:10     | Noticed Grum
 10135 | D:10     | Killed Grum
 10135 | D:10     | Received a gift from Okawaru
 10282 | D:10     | Noticed Urug
 10292 | D:10     | Killed Urug
 10426 | D:10     | Found a staircase to the Orcish Mines.
 10473 | D:10     | Noticed a centaur warrior
 10486 | D:10     | Killed a centaur warrior
 10487 | D:10     | HP: 2/66 [yak (12)]
 10873 | D:10     | Noticed Psyche
 10895 | D:10     | Killed Psyche
 11173 | D:10     | Noticed Nergalle
 11186 | D:10     | Killed Nergalle
 11546 | Lair:1   | Entered Level 1 of the Lair of Beasts
 11769 | Lair:1   | Noticed Sonja
 11781 | Lair:1   | Reached skill level 1 in Shields
 11783 | Lair:1   | Killed Sonja
 11783 | Lair:1   | Received a gift from Okawaru
 11876 | Lair:1   | HP: 1/68 [hornet (5)]
 11877 | Lair:1   | Slain by a hornet

Illustrated notes

Levels and vault maps discovered:
D:1:      onia_arrival_mini_maze_b, layout_basic
D:2:      layout_basic, basic_altar, hellmonk_ecumenical_altar_lost_god
D:3:      layout_loops_ring, minivault_5, uniq_grinder, uniq_terence,
          uniq_robin, uniq_sigmund
D:4:      layout_basic, minmay_temple_entry_trees, nicolae_grassy_gnolls
D:5:      layout_loops_ring, mainiacjoe_overflow_cross_hatched,
          mainiacjoe_overflow_surrounded_room, serial_shops, shop
D:6:      layout_gridville, led_xom_imps, nicolae_take_the_stairs
D:7:      layout_basic, serial_shops, nicolae_shop_window_shopping, shop, shop,
          kennysheep_mini, chequers_garden, uniq_crazy_yiuf_cottage, uniq_maggie
D:8:      layout_basic, dancing_weapons_uskayaw, nicolae_overflow_crystal_walls,
          david_lair_generic, serial_shops, nicolae_square_shop, kennysheep_nub,
          uniq_joseph
D:9:      layout_loops_ring
D:10:     layout_grid_maze, david_orc_2, uniq_urug, uniq_psyche, uniq_grum,
          uniq_nergalle
Temple:   minmay_crystal_spiral_temple
Lair:1:   gammafunk_lair_enchanted_lake, layout_gridlike, basic_altar,
          uniq_sonja

Skill      XL: |  1  2  3  4  5  6  7  8  9 10 11 |
---------------+----------------------------------+-----
Fighting       | 1 2 4 5 6 7 |  7.7
Short Blades   | 2 3 4 5 7 8 |  8.9
Dodging        | 3 4 5 7 8 |  8.2
Stealth        | 4 5 6 7 |  7.7
Spellcasting   | 3 4 5 6 7 |  7.7
Ice Magic      | 1 3 |  3.5
Armour         | 2 |  2.7
Long Blades    | 3 |  3.8
Hexes          | 3 |  3.7
Shields        | 1 |  1.2
Throwing       | |  0.8
Unarmed Combat | |  0.5
Air Magic      | |  0.2
Evocations     | |  0.7

Action                     |  1- 3 |  4- 6 |  7- 9 | 10-12 || total
---------------------------+-------+-------+-------+-------++-------
  Melee: Dagger            |    32 |       |    10 |       ||    42
         Peck              |    12 |     7 |    58 |    58 ||   135
         Kick              |    22 |    17 |   119 |    90 ||   248
         Short sword       |    60 |    42 |   141 |   221 ||   464
         Rapier            |       |       |   144 |       ||   144
         Punch             |       |       |     6 |       ||     6
         Long sword        |       |       |    66 |    16 ||    82
         Unarmed           |       |       |       |     9 ||     9
  Throw: Dart              |       |     8 |       |       ||     8
         Throwing net      |       |       |       |     1 ||     1
   Cast: Ensorcelled Hiber |       |     1 |    26 |    49 ||    76
         Cigotuvi's Dreadf |       |       |     1 |       ||     1
 Invoke: Heroism           |       |       |     1 |     2 ||     3
  Evoke: Wand              |       |       |     6 |     2 ||     8
    Use: Scroll            |       |       |     9 |       ||     9
         Potion            |       |       |     3 |     1 ||     4
   Stab: Sleeping          |    11 |     1 |    17 |    31 ||    60
         Invisible         |       |     1 |       |     1 ||     2
 Armour: Robe              |    20 |    15 |    18 |       ||    53
         Leather armour    |       |       |    75 |       ||    75
         Steam dragon scal |       |       |    28 |    86 ||   114
         Skin              |       |       |       |     2 ||     2
  Dodge: Dodged            |    61 |    25 |   227 |   135 ||   448
  Block: Kite shield       |       |       |       |    40 ||    40

Table legend: (Time is in decaauts)
 A = Elapsed time spent in this place.
 B = Non-inter-level travel time spent in this place.
 C = Inter-level travel time spent in this place.
 D = Time resting spent in this place.
 E = Time spent auto-exploring this place.
 F = Levels seen in this place.
 G = Mean time per level.
                   A        B        C        D        E       F      G
               +--------+--------+--------+--------+--------+-----+--------+
         Total |  11670 |  11133 |    537 |    843 |   8513 |  12 |  972.5 |
       Dungeon |  11334 |  10810 |    524 |    843 |   8301 |  10 | 1133.4 |
        Temple |     14 |      2 |     12 |      0 |      0 |   1 |   14.0 |
          Lair |    321 |    321 |      0 |      0 |    212 |   1 |  321.0 |
               +--------+--------+--------+--------+--------+-----+--------+

Top non-repeatable levels by time:
    D:10: 1746 daAuts
     D:7: 1468 daAuts
     D:3: 1412 daAuts
     D:6: 1097 daAuts
     D:5: 1084 daAuts
     D:1: 958 daAuts
     D:8: 953 daAuts
     D:9: 923 daAuts
     D:2: 847 daAuts
     D:4: 843 daAuts
  Lair:1: 321 daAuts
  Temple: 14 daAuts
